 Dungeon Crawl Stone Soup version 0.28.0-53-g5a82cb258f (webtiles) character file.

Game seed: 6048695705872885103

26 buhh the Vexing (level 3, 0/26 HPs)
             Began as a Formicid Arcane Marksman on June 19, 2022.
             Slain by a dart slug (2 damage)
             ... on level 1 of the Dungeon.
             The game lasted 00:01:22 (563 turns).

buhh the Vexing (Formicid Arcane Marksman)           Turns: 563, Time: 00:01:23

Health: 0/26       AC:  3    Str: 14    XL:     3   Next: 22%
Magic:  4/4        EV: 12    Int: 12    God:
Gold:   35         SH:  0    Dex: 13    Spells: 3/4 levels left

rFire   . . .      SeeInvis +   a - +0 hand crossbow
rCold   . . .      Faith    .   (no shield)
rNeg    . . .      Spirit   .   d - +0 robe
rPois   .          Reflect  .   (helmet unavailable)
rElec   .          Harm     .   g - +0 cloak
rCorr   .          Rampage  .   (no gloves)
Will    .....                   (no boots)
Stlth   ++........              (no amulet)
HPRegen 0.08/turn               (no ring)
MPRegen 0.09/turn               (no ring)

@: no status effects
A: permanent stasis, dig shafts and tunnels, antennae 3, four strong arms
a: Dig, Shaft Self


You were on level 1 of the Dungeon.
You visited 1 branch of the dungeon, and saw 1 of its levels.

You collected 35 gold pieces.

Inventory:

Hand Weapons
 a - a +0 hand crossbow (weapon)
 b - a +0 short sword
Missiles
 c - 19 bolts (quivered ammo)
Armour
 d - a +0 robe (worn)
 g - a +0 cloak (worn)
Scrolls
 f - 2 scrolls of identify {unknown}
 h - a scroll of enchant armour {unknown}
 i - a scroll of noise {unknown}


   Skills:
 + Level 1.6 Fighting
 + Level 2.2 Crossbows
 - Level 1.7 Dodging
 * Level 1.8 Stealth
 - Level 1.1 Spellcasting
 * Level 4.1 Hexes


You had 3 spell levels left.
You knew the following spells:

 Your Spells              Type           Power      Damage    Failure   Level
a - Slow                  Hex            40%        N/A       5%          1

Your spell library contained the following spells:

 Spells                   Type           Power      Damage    Failure   Level
 Inner Flame              Hex/Fire       5%         N/A       36%         3
 Portal Projectile        Hex/Tloc       10%        N/A       36%         3
 Cause Fear               Hex            5%         N/A       47%         4


Dungeon Overview and Level Annotations

Branches:
Dungeon (1/15)

Altars:


Innate Abilities, Weirdness & Mutations

You cannot be hasted, slowed, berserked, paralysed or teleported.
You can dig through walls and to a lower floor.
You have a pair of large antennae on your head. (SInv)
Your four strong arms can wield two-handed weapons with a shield.


Message History

You kill the quokka!
You closely miss the hobgoblin.
The hobgoblin is severely wounded.
The hobgoblin hits you.
You hit the hobgoblin.
You kill the hobgoblin!
The dart slug launches a dart at you. The slug dart hits you.
The dart slug launches a dart at you. The slug dart misses you.
The dart slug barely misses you.
You see here a hobgoblin corpse.
You hit the dart slug.
The dart slug is heavily wounded.
The dart slug bites you.
You hit the dart slug.
The dart slug is severely wounded.
The dart slug barely misses you.
You completely miss the dart slug.
The dart slug is severely wounded.
The dart slug barely misses you. The dart slug launches a dart at you.
The slug dart hits you.
* * * LOW HITPOINT WARNING * * *
You hit the dart slug.
The dart slug is almost dead.
The dart slug launches a dart at you. The slug dart misses you.
The dart slug launches a dart at you. The slug dart hits you.
* * * LOW HITPOINT WARNING * * *
It was a potion of cancellation.
You feel magically purged.
a - a +0 hand crossbow (weapon)
The dart slug barely misses you.
Fire: 20 bolts
Press: ? - help, Q - select action, (/) - cycle Shift-Dir - straight line, f - dart slug
Aim: a dart slug (93% to hit)
You shoot a bolt. The bolt hits the dart slug.
The dart slug is severely wounded.
The dart slug bites you.
You die...

# #....#..... #
##................
########.....#...........
......#....#.#......._...
...##.#.......####.......
#..##....†..............#
...##...###.....##...#..#.
........# ##....##.#......
...#....# #.....@ww.$.....
.....##.###.##.##########.
...............#
##.############# ... ####


You could see 2 dart slugs.

Vanquished Creatures
  A gnoll (D:1)
  An endoplasm (D:1)
  3 goblins (D:1)
  2 hobgoblins (D:1)
  2 quokkas (D:1)
  2 ball pythons (D:1)
  3 bats (D:1)
  A frilled lizard (D:1)
  A kobold (D:1)
  A rat (D:1)
17 creatures vanquished.

Notes
Turn   | Place    | Note
-------+----------+-------------------------------------------
     0 | D:1      | buhh the Formicid Arcane Marksman began the quest for the
                  | Orb.
     0 | D:1      | Reached XP level 1. HP: 15/15 MP: 2/2
   140 | D:1      | Reached XP level 2. HP: 6/21 MP: 3/3
   352 | D:1      | Reached skill level 4 in Hexes
   435 | D:1      | Reached XP level 3. HP: 23/26 MP: 4/4
   532 | D:1      | Found a faded altar of an unknown god.
   559 | D:1      | HP: 1/26 [dart slug/slug dart (4)]
   563 | D:1      | Slain by a dart slug

Illustrated notes

Levels and vault maps discovered:
D:1:      zaba_arrival_water, layout_basic, ebering_ecumenical_altar_sacrificial

Skill      XL: |  1  2 |
---------------+-------+-----
Stealth        | 1 |  1.8
Hexes          | 4 |  4.1
Fighting       | |  1.6
Crossbows      | |  2.2
Dodging        | |  1.7
Spellcasting   | |  1.1

Action                   || total
-------------------------++-------
Melee: Short sword       ||    32
       Punch             ||     2
 Fire: Hand crossbow     ||    15
  Use: Potion            ||     1
Armor: Robe              ||     4
Dodge: Dodged            ||    34
